 Dungeon Crawl Stone Soup version 0.31.0-11-ge490571c62 (webtiles) character file.

Game seed: 11901763947815475633

105 greynaab the Changeling (level 4, -1/34 HPs)
             Began as a Demigod Shapeshifter on Jan 29, 2024.
             Slain by a gnoll
             ... wielding a +0 whip
              (2 damage)
             ... on level 3 of the Dungeon.
             The game lasted 00:04:20 (1929 turns).

greynaab the Changeling (Demigod Shapeshifter)      Turns: 1929, Time: 00:04:21

Health: -1/34      AC:  5    Str: 19    XL:     4   Next: 29%
Magic:  6/6        EV: 11    Int: 12    God:
Gold:   81         SH:  0    Dex: 13    Spells: 3/3 levels left

rFire   + .          .
                       - Unarmed
rCold   + . .        (no shield)
rNeg    . . .        l - +0 ring mail
rPois   +            (helmet currently unavailable)
rElec   +            (cloak currently unavailable)
rCorr   +            (gloves currently unavailable)
SInv    .            (boots currently unavailable)
Will    .....        (no amulet)
Stlth   +            (no ring)
HPRegen 0.25/turn    (no ring)
MPRegen 0.10/turn

%: no passive effects
@: beast-form, resistant
A: beast (slay +2), high MP 1, forlorn, divine attributes
a: Begin Untransformation


You were on level 3 of the Dungeon.
You were a hulking beast.
You visited 1 branch of the dungeon, and saw 3 of its levels.

You collected 81 gold pieces.

Inventory:

Missiles
 a - 2 poisoned darts (quivered)
 b - 5 javelins
Armour
 l - a +0 ring mail (worn)
Talismans
 c - a beast talisman
 d - a flux talisman
Scrolls
 e - 2 scrolls of enchant armour {unknown}
 k - a scroll of vulnerability {unknown}
 m - a scroll of enchant weapon {unknown}
 n - a scroll of revelation {unknown}
Potions
 g - a potion of brilliance


   Skills:
 - Level 0.8 Fighting
 - Level 1.7 Dodging
 + Level 3.5 Unarmed Combat
 * Level 4.0 Shapeshifting


You had 3 spell levels left.
You didn't know any spells.
Your spell library contained the following spells:

 Spells                   Type           Power      Damage    Failure   Level
 Slow                     Hex            0%         N/A       50%         1
 Confusing Touch          Hex            0%         N/A       86%         3
 Sigil of Binding         Hex            0%         N/A       86%         3
 Vampiric Draining        Necr           0%         2d6       86%         3


Dungeon Overview and Level Annotations

Branches:
Dungeon (3/15) Zot: 16095


Innate Abilities, Weirdness & Mutations

You are a hulking beast.
Your limbs bulge with bestial killing power. (Slay +2)
You have an increased reservoir of magic. (+10% MP)
You shall have no god before yourself.
Your divine heritage dramatically boosts your attributes as you level up.


Message History

The adder bites you.
You hit the adder.
The adder is severely wounded.
The adder completely misses you.
You hit the adder.
The adder is severely wounded.
The adder bites you.
You punch the adder!
You kill the adder!
You hit the gnoll.
The gnoll is moderately wounded.
You hit the gnoll.
The gnoll is heavily wounded.
The gnoll closely misses you. The gnoll hits you but does no damage.
You closely miss the gnoll.
The gnoll is moderately wounded.
The gnoll hits you with a +0 whip. The gnoll completely misses you.
You closely miss the gnoll.
The gnoll is moderately wounded.
The gnoll barely misses you. The gnoll hits you with a +0 whip.
You hit the gnoll but do no damage.
The gnoll is moderately wounded.
The gnoll hits you but does no damage. The gnoll barely misses you.
You punch the gnoll!
The gnoll is severely wounded.
The gnoll closely misses you. The gnoll hits you with a +0 whip.
* * * LOW HITPOINT WARNING * * *
You hit the gnoll.
The gnoll is severely wounded.
The gnoll hits you with a +0 whip.
* * * LOW HITPOINT WARNING * * *
The gnoll hits you with a +0 whip.
* * * LOW HITPOINT WARNING * * *
Unknown command.
It was a potion of resistance.
You feel protected. The gnoll hits you with a +0 whip.
* * * LOW HITPOINT WARNING * * *
The gnoll hits you with a +0 whip.
You die...

##.....†....#
##...#########
####.#.#.####
............#
.###.#.#†##.#
##...## #
#...# #.#.###
...#.hg#
#.#####g# ##
#. g.. .#. #
..... ...
##.### ##. .#
##.. # ##...
#.... #....


You could see 3 gnolls.

Vanquished Creatures
  8 adders
  A ribbon worm (D:2)
  4 bats
  An endoplasm (D:2)
  3 goblins
  4 hobgoblins
  A quokka (D:3)
  3 ball pythons
  3 frilled lizards
  5 kobolds
  2 rats (D:2)
35 creatures vanquished.

Notes
Turn   | Place    | Note
-------+----------+-------------------------------------------
     0 | D:1      | greynaab the Demigod Shapeshifter began the quest for the
                  | Orb.
     0 | D:1      | Reached XP level 1. HP: 15/15 MP: 3/3
   758 | D:1      | Reached skill level 3 in Shapeshifting
   758 | D:1      | Reached XP level 2. HP: 12/22 MP: 4/4
  1205 | D:2      | Reached XP level 3. HP: 27/27 MP: 5/5
  1632 | D:3      | Reached XP level 4. HP: 16/34 MP: 6/6
  1896 | D:3      | Reached skill level 4 in Shapeshifting
  1929 | D:3      | Slain by a gnoll

Illustrated notes

Levels and vault maps discovered:
D:1:      dpeg_arrival_rhombus, layout_loops_ring, basic_ecumenical_altar
D:2:      layout_basic, basic_altar
D:3:      layout_loops_ring

Skill      XL: |  1  2  3  4 |
---------------+-------------+-----
Unarmed Combat | 3 |  3.5
Shapeshifting  | 3 4 |  4.0
Fighting       | |  0.8
Dodging        | |  1.7

Action                     |  1- 3 |  4- 6 || total
---------------------------+-------+-------++-------
  Melee: Unarmed           |    89 |    38 ||   127
    Use: Potion            |     3 |     4 ||     7
   Stab: Distracted        |     1 |       ||     1
 Armour: Animal skin       |    50 |       ||    50
         Skin              |     4 |     1 ||     5
         Ring mail         |     2 |    28 ||    30
  Dodge: Dodged            |    48 |    21 ||    69
